 Dungeon Crawl Stone Soup version 0.17-a0-1115-g0372368 (webtiles) character file.

528 onkelmonokel the Chucker (level 7, 0/72 HPs)
             Began as an Ogre Hunter on May 23, 2015.
             Was an Initiate of Gozag.
             Slain by Tarnath's ghost (12 damage)
             ... on level 4 of the Dungeon.
             The game lasted 00:10:13 (4252 turns).

onkelmonokel the Chucker (Ogre Hunter)              Turns: 4252, Time: 00:10:13

Health: 0/72       AC:  3    Str: 20    XL:     7   Next: 23%
Magic:  7/7        EV:  3    Int: 10    God:    Gozag
Gold:   301        SH:  9    Dex: 10    Spells: 0 memorised, 6 levels left

rFire  . . .     SeeInvis .     b - +0 mace
rCold  . . .     Clarity  .     d - +0 robe
rNeg   . . .     SustAt   .     h - +1 shield
rPois  .         Gourm    .     (helmet restricted)
rElec  .         Spirit   .     (no cloak)
rCorr  .         Warding  .     (gloves unavailable)
rMut   .         Stasis   .     (boots unavailable)
MR     .....                    (no amulet)
Stlth  +.........               (no ring)
                                f - ring of wizardry

@: not resistant to hostile enchantments, very unstealthy
A: unfitting armour, tough skin 1
a: Potion Petition, Call Merchant, Bribe Branch, Renounce Religion


You were on level 4 of the Dungeon.
You worshipped Gozag.
Gozag was noncommittal.
You were not hungry.

You visited 1 branch of the dungeon, and saw 4 of its levels.

You collected 332 gold pieces.
You paid 31 gold pieces to Gozag.

Inventory:

Hand weapons
 b - a +0 mace (weapon)
Missiles
 c - a large rock (quivered)
 j - 2 tomahawks
Armour
 d - a +0 robe (worn)
 h - a +1 shield (worn)
Jewellery
 f - a ring of wizardry (left hand)
 o - an uncursed ring of wizardry
Scrolls
 a - 3 scrolls of identify
 k - 2 scrolls of enchant weapon
 n - 3 scrolls of remove curse
Potions
 g - a potion of brilliance {unknown}
 i - a potion of agility {unknown}
 q - 2 potions of heal wounds {unknown}
 r - a potion of might
 s - a potion of degeneration {unknown}
Comestibles
 e - 2 bread rations
 m - 3 beef jerkies


   Skills:
 + Level 5.5 Fighting
 + Level 4.2 Maces & Flails
 + Level 5.8 Throwing
 - Level 2.0 Dodging
 - Level 1.0 Stealth
 + Level 3.2 Shields


You had 6 spell levels left.
You didn't know any spells.

Dungeon Overview and Level Annotations

Branches:
Dungeon (4/15)
 Temple: D:4-7

Altars:
Gozag
Makhleb
Qazlal

Annotations:
D:4 Tarnath's ghost, average CeFi


Innate Abilities, Weirdness & Mutations

You are too large for most types of armour.
You have tough skin (AC +1).


Message History

Tarnath's ghost barely misses you. Tarnath's ghost hits you!
Things that are here:
2 tomahawks; a large rock
c - a large rock;
j - 2 tomahawks Tarnath's ghost says, "My insurmountable tactics guarantee your defeat."
Tarnath's ghost hits you!
* * * LOW HITPOINT WARNING * * *
Tarnath's ghost hits you.
* * * LOW HITPOINT WARNING * * *
You see here a tomahawk.
Tarnath's ghost whispers, "Death doesn't hurt.
What you feel is life." Tarnath's ghost hits you.
* * * LOW HITPOINT WARNING * * *
You see here a large rock.
There is an escape hatch in the ceiling here.
You see here a tomahawk.
Tarnath's ghost hits you!
You die...
Your body crumbles into a pile of gold.

....## ##....#####(..# ....#
###### ##..## #...# ##..#
....### ### ##..# .#....####
######.##########>..#
####.....###..........((......##
##.......(...>...(........##
#.............(.##########
#.........(W@>###
#.........(.?(.#
#........(......#
#..####.%.......(# #..#
####........# #.# ##....).... .#
#.......... .....(.....


You could see Tarnath's ghost.

Vanquished Creatures
  Sigmund (D:2)
  A phantom (D:4)
  A giant frog (D:3)
  A scorpion (D:4)
  An orc wizard (D:4)
  An orc priest (D:3)
  2 adders
  An ooze (D:1)
  2 giant geckos
  14 orcs
  2 ball pythons (D:1)
  6 giant cockroaches
  6 hobgoblins
  5 jackals
  9 kobolds
  4 quokkas
  7 bats
  3 giant newts
  6 goblins
  12 rats
85 creatures vanquished.

Notes
Turn   | Place    | Note
--------------------------------------------------------------
     0 | D:1      | onkelmonokel the Ogre Hunter began the quest for the Orb.
     0 | D:1      | Reached XP level 1. HP: 22/22 MP: 1/1
   210 | D:1      | Reached XP level 2. HP: 29/31 MP: 2/2
   883 | D:2      | Reached skill level 1 in Stealth
   894 | D:1      | Reached XP level 3. HP: 20/37 MP: 3/3
  1026 | D:1      | Reached skill level 1 in Maces & Flails
  1237 | D:2      | Reached skill level 1 in Shields
  1320 | D:2      | Found a burning altar of Makhleb.
  1321 | D:2      | Found an opulent altar of Gozag.
  1323 | D:2      | Found a stormy altar of Qazlal.
  1627 | D:2      | Noticed Sigmund
  1635 | D:2      | Killed Sigmund
  1635 | D:2      | Reached skill level 5 in Throwing
  1635 | D:2      | Reached XP level 4. HP: 37/49 MP: 4/4
  1635 | D:2      | Reached XP level 5. HP: 41/55 MP: 5/5
  2212 | D:3      | Reached XP level 6. HP: 17/65 MP: 6/6
  2246 | D:2      | Became a worshipper of Gozag Ym Sagoz the Greedy
  3457 | D:4      | Reached skill level 5 in Fighting
  3713 | D:4      | Reached XP level 7. HP: 68/72 MP: 7/7
  3876 | D:4      | Noticed Tarnath's ghost (average CeFi)
  4252 | D:4      | Slain by Tarnath's ghost

Vault maps used:
D:1:      dpeg_arrival_tiny_i, serial_park_tiny_1
D:2:      nicolae_overflow_hidden_temple, uniq_sigmund
D:3:      serial_bayou_ford_a
D:4:      first_bread

Action                   |  1- 3 |  4- 6 |  7- 9 || total
-------------------------+-------+-------+-------++-------
Melee: Short sword       |    74 |       |       ||    74
       Club              |   100 |   173 |    29 ||   302
       Mace              |       |       |     8 ||     8
Throw: Large rock        |    11 |    20 |     4 ||    35
       Throwing net      |     1 |     2 |       ||     3
       Tomahawk          |       |     3 |    15 ||    18
  Use: Scroll            |     1 |     2 |     6 ||     9
       Potion            |       |     1 |       ||     1
 Stab: Sleeping          |     1 |       |       ||     1
       Held in net/web   |       |     1 |       ||     1
  Eat: Chunk             |     3 |     2 |       ||     5
       Fruit             |       |     4 |       ||     4
       Pizza             |       |     1 |       ||     1
       Meat ration       |       |       |     1 ||     1
